 Dungeon Sprint DCSS version 0.30.1-9-gdf580d7c3d (webtiles) character file.

Game seed: 15495292429467349850

17571 Heoruswealwe the Phalangite (level 12, -7/130 HPs)
             Began as a Minotaur Fighter on Oct 25, 2023.
             Was an Initiate of Gozag.
             Mangled by an orc knight
             ... wielding a +3 great sword of distortion
              (16 damage)
             ... in the Dungeon (Sprint IX: "|||||||||||||||||||||||||||||").
             The game lasted 00:14:43 (1535 turns).

Heoruswealwe the Phalangite (Minotaur Fighter)      Turns: 1535, Time: 00:14:44

Health: -7/130     AC: 27    Str: 29    XL:     12   Next: 20%
Magic:  11/11      EV:  8    Int:  5    God:    Gozag
Gold:   7818       SH:  0    Dex: 10    Spells: 11/11 levels left

rFire   . . .        b - +2 halberd (venom)
rCold   . . .        (shield currently unavailable)
rNeg    . . .        c - +3 plate armour
rPois   .            (helmet restricted)
rElec   .            h - +0 cloak
rCorr   .            f - +0 pair of gloves
SInv    .            e - +0 pair of boots
Will    .....        (no amulet) Stlth
                     k - +3 ring of strength
HPRegen 0.41/turn    (no ring)
MPRegen 0.12/turn

%: no teleportation
@: gold aura
A: horns 2, retaliatory headbutt
a: Renounce Religion, Potion Petition, Call Merchant, Bribe Branch


You were in the Dungeon.
You worshipped Gozag.
Gozag was greatly pleased with you.
You visited 1 branch You collected 7818 gold pieces.

Inventory:

Hand Weapons
 a - a +0 trident
 b - a +2 halberd of venom (weapon)
 r - a +0 glaive
Armour
 c - a +3 plate armour (worn)
 d - a +0 buckler
 e - a +0 pair of boots (worn)
 f - a +0 pair of gloves (worn)
 h - a +0 cloak (worn)
Jewellery
 k - a +3 ring of strength (left hand)
Wands
 l - a wand of acid (10)
Scrolls
 j - 3 scrolls of blinking
 o - 3 scrolls of identify
Potions
 g - a potion of haste
 i - a potion of berserk rage
 m - 7 potions of curing
 n - 3 potions of might
 p - 3 potions of heal wounds
 q - a potion of cancellation {unknown}


   Skills:
 + Level 19.0 Fighting
 * Level 25.5 Polearms
 + Level 19.0 Armour
 - Level 3.6 Shields


You had 11 spell levels left.
You didn't know any spells.
Your spell library was empty.

Dungeon Overview and Level Annotations

Branches:
Dungeon (1/1)

Altars:
Cheibriados
Dithmenos
Elyvilon
Fedhas
Gozag
Hepliaklqana
Kikubaaqudgha
Makhleb
Nemelex Xobeh
Okawaru
Qazlal
Ru
Sif Muna
Trog
Uskayaw
Vehumet
Wu Jian
Xom
Yredelemnul
Zin
The Shining One
Jiyva
Lugonu

Shops:
D *(::


Innate Abilities, Weirdness & Mutations

You have a pair of horns on your head.
You reflexively headbutt those who attack you in melee.


Message History

You headbutt the orc knight, but do no damage.
The orc knight is heavily wounded.
The orc high priest no longer looks unusually strong.
The orc high priest starts to sing a prayer.
The orc knight hits you with a +0 battleaxe!
* * * LOW HITPOINT WARNING * * *
You slash the orc knight!
The orc knight looks as sick as possible!
Your headbutt misses the orc knight.
The orc knight is almost dead.
You puncture the orc knight!
You kill the orc knight!
The orc high priest prays to Beogh.
You impale the orc knight!!
The orc knight looks as sick as possible!
Your headbutt misses the orc knight.
The orc knight is heavily wounded.
The red devil is distracted by your dazzling golden aura.
The orc knight roars a battlecry!
The orc high priest goes into a battle-frenzy!
The orc knight barely misses you. You furiously retaliate!
You headbutt the orc knight. You slice the orc knight!!
Your headbutt misses the orc knight.
The orc knight is almost dead.
You puncture the orc knight!
You kill the orc knight!
Your Fighting skill increases to level 19!
Your Armour skill increases to level 19!
The red devil is no longer distracted by gold.
Blink to where?
Press: ? - help, Dir - move target 2 orc high priests come into view.
As you read the scroll of blinking, it crumbles to dust.
The orc high priest shouts! x2
The orc knight no longer looks unusually strong.
The orc knight hits you with a +3 great sword of distortion!!
* * * LOW HITPOINT WARNING * * *
Space warps horribly around you!
You die...
Your body crumbles into a pile of gold.

▓)▓.▓[▓.▓+*,*+*,*,*,*+*,*,
▓.▓.▓[▓.▓o▓,*,*,*,*,*,*,*+
▓.▓.▓.▓.▓.▓,*,*,*,*,*,*,*,
▓)▓.▓.▓.▓o▓,*,*,*+*,*,*,*,
▓.▓.▓'▓.▓.▓,*,*,*,*,*,*,*,
▓.▓.▓.▓.▓.▓,*,*,*,*,*,*,*,
▓)▓.▓?▓.▓4▓,*,*,*,*,*,*,*,
▓)▓.▓.▓.▓o▓,*,*,*,*,*,*,*,
▓.▓.▓.▓.▓@▓,*,*,*,*,*,*,*,
▓.▓.▓.▓.▓o▓,*,*,*,*,*,*,*,
▓.▓.▓.▓.▓3▓,*,*,*,*,*,*,*,
▓.▓.▓.▓.▓4▓,*,*,*,*,*,*,*,
▓=▓.▓.▓.▓∩▓,*,*,*,*,*,*,*,
▓[▓.▓.▓.▓§▓,*,*,*+*,*,*,*,
▓)▓.▓.▓.▓$▓,*,*,*,*,*,*,*,
▓?▓.▓.▓.▓$▓,*,*,*,*,*,*,*,
▓!▓.▓.▓.▓$▓,*+*,*,*,*,*,*,


You could see an orc knight, a soul eater (summoned), 3 orc high priests, a rust
devil (summoned) and a red devil (summoned).

Vanquished Creatures
  2 two-headed ogres (D)
  A boulder beetle (D)
  7 orc high priests (D)
  4 orc knights (D)
  An orc sorcerer (D)
  A cyclops (D)
  A manticore (D)
  8 elephants (D)
  2 black mambas (D)
  A gargoyle (D)
  2 cane toads (D)
  A komodo dragon (D)
  2 rime drakes (D)
  A polar bear (D)
  A blink frog (D)
  A polar bear (shapeshifter) (D)
  3 wyverns (D)
  3 yaks (D)
  Grum (D)
  A vampire mosquito (D)
  3 water moccasins (D)
  14 orc warriors (D)
  2 centaurs (D)
  5 wolves (D)
  A phantom (D)
  A bullfrog (D)
  A scorpion (D)
  An orc priest (D)
  2 orc wizards (D)
  An adder (D)
  An ufetubus (D)
  A dart slug (D)
  6 orcs (D)
  An endoplasm (D)
  A hobgoblin (D)
  A goblin (D)
  A kobold (D)
87 creatures vanquished.

Notes
Turn   | Place    | Note
-------+----------+-------------------------------------------
     0 | D        | Heoruswealwe the Minotaur Fighter began the quest for the
                  | Orb.
     0 | D        | Reached XP level 1. HP: 19/19 MP: 0/0
    14 | D        | Reached skill level 3 in Polearms
    17 | D        | Reached skill level 4 in Polearms
    38 | D        | Noticed a phantom
    38 | D        | Noticed a scorpion
    38 | D        | Noticed a water moccasin
    44 | D        | Killed a water moccasin
    45 | D        | Reached skill level 8 in Polearms
    45 | D        | Reached XP level 2. HP: 19/31 MP: 1/1
    45 | D        | Reached XP level 3. HP: 24/38 MP: 2/2
    45 | D        | Reached XP level 4. HP: 28/45 MP: 3/3
    48 | D        | Killed a scorpion
    49 | D        | Reached skill level 9 in Polearms
    49 | D        | Reached XP level 5. HP: 32/52 MP: 4/4
    60 | D        | Killed a phantom
    61 | D        | Reached skill level 10 in Polearms
    67 | D        | Found a snail-covered altar of Cheibriados.
    67 | D        | Found a shadowy altar of Dithmenos.
    67 | D        | Found a white marble altar of Elyvilon.
    67 | D        | Found a blossoming altar of Fedhas.
    67 | D        | Found an opulent altar of Gozag.
    68 | D        | Found a hazy altar of Hepliaklqana.
    69 | D        | Found a viscous altar of Jiyva.
    70 | D        | Found an ancient bone altar of Kikubaaqudgha.
    71 | D        | Found a corrupted altar of Lugonu.
    72 | D        | Found a burning altar of Makhleb.
    73 | D        | Found a sparkling altar of Nemelex Xobeh.
    74 | D        | Found an iron altar of Okawaru.
    75 | D        | Became a worshipper of Gozag Ym Sagoz the Greedy
    76 | D        | Found a stormy altar of Qazlal.
    77 | D        | Found a sacrificial altar of Ru.
    78 | D        | Found a shimmering blue altar of Sif Muna.
    79 | D        | Found a bloodstained altar of Trog.
    80 | D        | Found a hide-covered altar of Uskayaw.
    81 | D        | Found a radiant altar of Vehumet.
    82 | D        | Found an ornate altar of the Wu Jian Council.
    83 | D        | Found a shimmering altar of Xom.
    84 | D        | Found a basalt altar of Yredelemnul.
    85 | D        | Found a glowing silver altar of Zin.
    86 | D        | Found a glowing golden altar of the Shining One.
   161 | D        | Noticed a centaur
   161 | D        | Noticed a centaur
   161 | D        | Noticed a two-headed ogre
   161 | D        | Noticed a yak
   161 | D        | Noticed a two-headed ogre
   161 | D        | Noticed an orc warrior
   166 | D        | Killed an orc warrior
   167 | D        | Reached skill level 11 in Polearms
   167 | D        | Reached XP level 6. HP: 56/62 MP: 5/5
   169 | D        | Killed a two-headed ogre
   170 | D        | Reached skill level 10 in Fighting
   170 | D        | Reached skill level 14 in Polearms
   170 | D        | Reached skill level 10 in Armour
   170 | D        | Reached XP level 7. HP: 55/73 MP: 6/6
   172 | D        | Killed a yak
   173 | D        | Reached XP level 8. HP: 62/82 MP: 7/7
   176 | D        | Killed a two-headed ogre
   177 | D        | Reached skill level 16 in Polearms
   328 | D        | Noticed a cyclops
   328 | D        | Noticed a polar bear
   328 | D        | Noticed a gargoyle
   328 | D        | Noticed a manticore
   328 | D        | Noticed a boulder beetle
   337 | D        | Killed a manticore
   338 | D        | Reached skill level 17 in Polearms
   338 | D        | Reached XP level 9. HP: 64/92 MP: 8/8
   346 | D        | Killed a gargoyle
   348 | D        | Killed a boulder beetle
   349 | D        | Reached skill level 18 in Polearms
   357 | D        | Killed a polar bear
   360 | D        | Killed a cyclops
   361 | D        | Reached skill level 19 in Polearms
   636 | D        | Noticed a black mamba
   636 | D        | Noticed a black mamba
   636 | D        | Noticed a rime drake
   641 | D        | Killed a rime drake
   642 | D        | Reached XP level 10. HP: 99/104 MP: 9/9
   646 | D        | Killed a black mamba
   649 | D        | Killed a black mamba
   653 | D        | Reached skill level 20 in Polearms
   659 | D        | Reached skill level 15 in Fighting
   659 | D        | Reached skill level 15 in Armour
   795 | D        | Noticed a cane toad
   799 | D        | Noticed a cane toad
   823 | D        | Killed a cane toad
   824 | D        | Reached skill level 21 in Polearms
   824 | D        | Killed a cane toad
   923 | D        | Noticed an elephant
   923 | D        | Noticed an elephant
   923 | D        | Noticed an elephant
   923 | D        | Noticed an elephant
   923 | D        | Noticed an elephant
   923 | D        | Noticed an elephant
   926 | D        | Noticed an elephant
   931 | D        | Killed an elephant
   936 | D        | Killed an elephant
   937 | D        | Reached XP level 11. HP: 103/115 MP: 10/10
   939 | D        | Reached skill level 22 in Polearms
  1105 | D        | Noticed Grum
  1120 | D        | Killed Grum
  1123 | D        | Reached skill level 23 in Polearms
  1171 | D        | Noticed an orc knight
  1190 | D        | Killed an orc knight
  1347 | D        | Noticed an orc sorcerer
  1347 | D        | Noticed an orc high priest
  1355 | D        | Killed an orc high priest
  1361 | D        | Noticed a soul eater
  1363 | D        | Killed an orc sorcerer
  1390 | D        | Reached skill level 24 in Polearms
  1463 | D        | Found Isyeddua's Book Boutique.
  1463 | D        | Noticed an orc knight
  1463 | D        | Noticed an orc high priest
  1463 | D        | Noticed an orc high priest
  1463 | D        | Noticed an orc high priest
  1463 | D        | Noticed an orc high priest
  1464 | D        | Noticed a sixfirhy
  1464 | D        | Noticed an orc high priest
  1469 | D        | Killed an orc high priest
  1470 | D        | Found Nontikh's Book Shop.
  1470 | D        | Noticed an orc high priest
  1472 | D        | Killed an orc high priest
  1478 | D        | Killed an orc high priest
  1484 | D        | Killed an orc high priest
  1485 | D        | Found Isye's Weapon Boutique.
  1485 | D        | Noticed an orc knight
  1490 | D        | Killed an orc knight
  1491 | D        | Reached XP level 12. HP: 37/128 MP: 11/11
  1512 | D        | Noticed an orc high priest
  1516 | D        | Killed an orc high priest
  1517 | D        | Reached skill level 25 in Polearms
  1517 | D        | Found Nomuwel's Assorted Antiques.
  1522 | D        | Killed an orc high priest
  1535 | D        | Noticed an orc high priest
  1535 | D        | Noticed an orc high priest
  1535 | D        | Mangled by an orc knight

Illustrated notes

Levels and vault maps discovered:
D:        linesprint [early_d, line_temple, items_1, d_10, items_2, lair_1,
          lair_end, items_3, orc_1, orc_end, items_4, d_15, swamp_1, shoals_1,
          snake_1, spider_1, d_20, vaults_1, items_5, swamp_end, shoals_end,
          snake_end, spider_end, vaults_end, d_27, items_6, zot_1, zot_end,
          crypt_end, forest_end, elf_end, slime_end, tomb_end, abyss_end,
          pan_hell_end]

Skill      XL: |  1  2  3  4  5  6  7  8  9 10 11 12 |
---------------+-------------------------------------+-----
Fighting       | 6 7 8 10 11 12 14 16 18 19 | 19.0
Polearms       | 8 9 11 14 17 19 21 24 25 | 25.5
Armour         | 6 7 8 10 11 12 14 16 18 19 | 19.0
Shields        | |  3.6

Action                     |  1- 3 |  4- 6 |  7- 9 | 10-12 || total
---------------------------+-------+-------+-------+-------++-------
  Melee: Trident           |    13 |    16 |       |       ||    29
         Headbutt          |     1 |     6 |    10 |    60 ||    77
         Halberd           |       |     8 |    47 |   253 ||   308
    Use: Scroll            |       |       |       |     2 ||     2
         Potion            |       |       |       |     6 ||     6
   Stab: Distracted        |       |       |     2 |     3 ||     5
 Armour: Scale mail        |     5 |     3 |       |       ||     8
         Chain mail        |       |     1 |    12 |    41 ||    54
         Plate armour      |       |       |       |    34 ||    34
  Dodge: Dodged            |     5 |     3 |     7 |    47 ||    62
  Block: Buckler           |     1 |     2 |       |       ||     3
